 Dungeon Crawl Stone Soup version 0.31-a0-188-g5e087ee2ca (webtiles) character file.

Game seed: 4969826804930455425

32 qw the Shooter (level 3, -2/20 HPs)
             Began as a Deep Elf Hunter on June 23, 2023.
             Slain by Sigmund
             ... wielding a +0 scythe
              (9 damage)
             ... on level 2 of the Dungeon.
             The game lasted 00:00:20 (772 turns).

qw the Shooter (Deep Elf Hunter)                     Turns: 772, Time: 00:00:21

Health: -2/20      AC:  3    Str: 10    XL:     3   Next: 8%
Magic:  5/5        EV: 12    Int: 13    God:
Gold:   35         SH:  0    Dex: 18    Spells: 2/2 levels left

rFire   . . .        Y - +0 shortbow
rCold   . . .        (shield currently unavailable)
rNeg    + . .        c - +0 leather armour
rPois   .            (no helmet)
rElec   .            (no cloak)
rCorr   .            (no gloves)
SInv    .            (no boots)
Will    .....        (no amulet)
Stlth   ++           j - ring of positive energy
HPRegen 0.23/turn    (no ring)
MPRegen 0.09/turn

%: no passive effects
@: no status effects
A: no striking features
a: no special abilities


You were on level 2 of the Dungeon.
You visited 1 branch of the dungeon, and saw 2 of its levels.

You collected 35 gold pieces.


   Skills:
 - Level 1.5 Fighting
 + Level 6.7 Ranged Weapons
 - Level 2.4 Dodging
 - Level 1.2 Stealth


You had 2 spell levels left.
You didn't know any spells.
Your spell library was empty.

Inventory:

Hand Weapons
 Y - a +0 shortbow (weapon)
Armour
 c - a +0 leather armour (worn)
Jewellery
 j - a ring of positive energy (left hand)
Scrolls
 a - a scroll of vulnerability {unknown}
Potions
 e - 2 potions of curing {unknown}

Dungeon Overview and Level Annotations

Branches:
Dungeon (2/15)

Altars:

Annotations:
D:2 Sigmund


Message History

745 ||| STILL FLEEEEING.
746 ||| FLEEEEING.
747 ||| STILL FLEEEEING.
748 ||| STILL FLEEEEING.
749 ||| STILL FLEEEEING.
750 ||| STILL FLEEEEING.
751 ||| FLEEEEING.
752 ||| FLEEEEING.
753 ||| FLEEEEING.
754 ||| FLEEEEING.
Sigmund casts a spell.
Sigmund flickers and vanishes!
Deactivating autopickup; reactivate with Ctrl-A.
755 ||| STILL FLEEEEING.
756 ||| STILL FLEEEEING.
757 ||| STILL FLEEEEING.
758 ||| STILL FLEEEEING.
759 ||| STILL FLEEEEING.
760 ||| STILL FLEEEEING.
761 ||| STILL FLEEEEING.
762 ||| STILL FLEEEEING.
763 ||| STILL FLEEEEING.
You shoot an arrow. You shoot an arrow.
You are confused.
You shoot an arrow.
A puff of flame appears from out of thin air!
The puff of flame misses you.
You shoot an arrow.
A puff of flame appears from out of thin air!
The puff of flame hits you!
You shoot an arrow. You shoot an arrow.
Something tries to affect you, but you resist.
You shoot an arrow.
You feel less confused.
You shoot an arrow. You shoot an arrow. Something hits you!
You die...

..# ..# ..# ..# .?# ..#
#############################
................@...........#
###########################.#
#.##### #...... #######


There were no monsters in sight!

Vanquished Creatures
  2 dart slugs (D:1)
  2 ball pythons (D:1)
  2 endoplasms (D:1)
  2 giant cockroaches (D:1)
  3 hobgoblins (D:1)
  3 kobolds (D:1)
  2 quokkas (D:1)
  A bat (D:1)
  A frilled lizard (D:1)
  5 goblins (D:1)
  2 rats (D:1)
25 creatures vanquished.

Notes
Turn   | Place    | Note
-------+----------+-------------------------------------------
     0 | D:1      | qw the Deep Elf Hunter began the quest for the Orb.
     0 | D:1      | Reached XP level 1. HP: 12/12 MP: 3/3
     0 | D:1      | 0 ||| qw: Version: 0.3-a-9-g12657ce
     0 | D:1      | 0 ||| qw: Game counter: 3334
     0 | D:1      | 0 ||| qw: Always use a shield: true
     0 | D:1      | 0 ||| qw: God list: Okawaru
     0 | D:1      | 0 ||| qw: Allow faded altars: false
     0 | D:1      | 0 ||| qw: Do Orc after D:15 true
     0 | D:1      | 0 ||| qw: Do second Lair branch before Depths: true
     0 | D:1      | 0 ||| qw: Lair rune preference: random
     0 | D:1      | 0 ||| qw: Plans: Normal
     0 | D:1      | 0 ||| PLANNING D:1-11
    70 | D:1      | Reached skill level 6 in Ranged Weapons
    70 | D:1      | Reached XP level 2. HP: 14/16 MP: 4/4
   321 | D:1      | Reached XP level 3. HP: 20/20 MP: 5/5
   640 | D:1      | 640 ||| UPGRADING to ring of positive energy.
   641 | D:1      | 641 ||| READING scroll labelled AZIEXU YMUI.
   642 | D:1      | 642 ||| READING scroll labelled QOXEUV HITTI.
   643 | D:1      | 643 ||| READING scroll labelled IRIVAS FEIN.
   644 | D:1      | 644 ||| READING 2 scrolls labelled MERUEMM TIOMUBB.
   645 | D:1      | 645 ||| READING scroll labelled BIBROEF LAUL.
   646 | D:1      | 646 ||| DROPPING scroll of butterflies.
   647 | D:1      | 647 ||| DROPPING scroll of poison.
   742 | D:2      | Noticed Sigmund
   744 | D:2      | 744 ||| FLEEEEING.
   746 | D:2      | 746 ||| FLEEEEING.
   751 | D:2      | 751 ||| FLEEEEING.
   752 | D:2      | 752 ||| FLEEEEING.
   753 | D:2      | 753 ||| FLEEEEING.
   754 | D:2      | 754 ||| FLEEEEING.
   767 | D:2      | HP: 5/20 [something/puff of flame (8)]
   772 | D:2      | Slain by Sigmund

Levels and vault maps discovered:
D:1:      dpeg_arrival_pits, layout_loops_ring, chequers_serial_rivers_small_b
D:2:      layout_basic, uniq_sigmund

Skill      XL: |  1 |
---------------+----+-----
Ranged Weapons | 6 |  6.7
Fighting       | |  1.5
Dodging        | |  2.4
Stealth        | |  1.2

Action                     || total
---------------------------++-------
   Fire: Shortbow          ||    72
    Use: Scroll            ||     5
 Armour: Leather armour    ||     7
  Dodge: Dodged            ||    10

Table legend:
 A = Non-vault XP
 B = Vault XP
 C = Vault XP percentage of total XP
 D = Non-vault monster count
 E = Vault monster count
 F = Vault count percentage of total count
                 A         B        C        D         E       F
            +---------+---------+-------+---------+---------+-------
      Total |      46 |       0 |   0.0 |      25 |       0 |   0.0
            +---------+---------+-------+---------+---------+-------
        D:1 |      46 |       0 |   0.0 |      25 |       0 |   0.0
            +---------+---------+-------+---------+---------+-------
